 Dungeon Crawl Stone Soup version 0.24-a0-194-g9bee6eb (webtiles) character file.

Game seed: 18399611635027682376

289 zero the Chopper (level 6, -19/55 HPs)
             Began as a Gargoyle Berserker on Mar 18, 2019.
             Was a Believer of Trog.
             Demolished by an ogre
             ... wielding a +0 giant spiked club
              (21 damage)
             ... on level 3 of the Dungeon.
             The game lasted 00:02:35 (2873 turns).

zero the Chopper (Gargoyle Berserker)               Turns: 2873, Time: 00:02:36

Health: -19/55     AC:  9    Str: 28    XL:     6   Next: 31%
Magic:  6/6        EV: 11    Int:  7    God:    Trog [**....]
Gold:   259        SH:  0    Dex:  9    Spells: 5/5 levels left

rFire    . . .     SeeInvis .   a - +0 hand axe
rCold    . . .     Gourm    .   (no shield)
rNeg     + . .     Faith    .   h - +0 ring mail
rPois    ∞         Spirit   .   (no helmet)
rElec    +         Reflect  .   (no cloak)
rCorr    .         Harm     .   (no gloves)
MR       .....                  (no boots)
Stlth    ..........             (no amulet)
HPRegen  0.18/turn              (no ring)
MPRegen  0.10/turn              (no ring)

@: berserking, very quick
A: negative energy resistance 1, electricity resistance, unbreathing,
petrification resistance, rot immunity, AC +4
a: Berserk, Trog's Hand, Renounce Religion


You were on level 3 of the Dungeon.
You worshipped Trog.
Trog was pleased with you.
You were very hungry.

You visited 1 branch of the dungeon, and saw 3 of its levels.

You collected 259 gold pieces.

Inventory:

Hand Weapons
 a - a +0 hand axe (weapon)
Armour
 b - a +0 animal skin
 h - a +0 ring mail (worn)
Jewellery
 m - a +3 ring of strength {unknown}
Wands
 l - a wand of disintegration (14)
 r - a wand of polymorph (5)
Scrolls
 d - 5 scrolls of identify {unknown}
 e - 2 scrolls of enchant armour {unknown}
 g - a scroll of blinking {unknown}
 j - 7 scrolls of remove curse {unknown}
 k - 4 scrolls of teleportation {unknown}
 s - a scroll of immolation {unknown}
Potions
 f - a potion of lignification {unknown}
 i - 4 potions of curing {unknown}
 o - a potion of might {unknown}
 p - a potion of degeneration {unknown}
 q - a potion of heal wounds
Comestibles
 c - 4 rations
 n - 3 chunks of flesh


   Skills:
 - Level 3.2 Fighting
 + Level 6.3 Axes
 - Level 2.1 Armour
 - Level 1.5 Dodging


You had 5 spell levels left.
You didn't know any spells.
Your spell library was empty.

Dungeon Overview and Level Annotations

Branches:
Dungeon (3/15)

Altars:

Annotations:
D:3 Natasha


Innate Abilities, Weirdness & Mutations

You are resistant to torment.
Your stone body is resilient. (AC +4)
You are immune to poison.
You resist negative energy. (rN+)
You are resistant to electric shocks. (rElec)
You can survive without breathing.
You are immune to petrification.
You are immune to rotting.


Message History

The ogre shouts!
Natasha claws you but does no damage.
A red film seems to cover your vision as you go berserk!
You feel yourself moving faster!
You feel mighty!
You are feeling very hungry.
Natasha mumbles some strange words.
You feel a strong urge to attack something.
Natasha barely misses you.
The ogre hits you with a +0 giant spiked club!
* * * LOW HITPOINT WARNING * * *
You slash the ogre!
The ogre is moderately wounded.
Your ring mail prevents you from hitting Natasha.
Natasha claws you.
* * * LOW HITPOINT WARNING * * *
You slash the ogre!
The ogre is almost dead.
You miss the crimson imp. You barely miss Natasha.
The ogre hits you with a +0 giant spiked club!!
You die...

##.#.## .##.##
#.### ...#
..######## ####
# )........#
..# .#
########.#
#####$##.>#
#...# #..%.5hg#
###.# ###.#@#.#
#.# #.#O# #
#.#.###.#.###.#
#.#...........#
###
#.#####.#.#####
... #.......#.#
### #########.#
#.#


You could see an ogre, Natasha, a crimson imp and a goblin.

Vanquished Creatures
  2 orc priests (D:3)
  An orc wizard (D:3)
  Jessica (D:3)
  Natasha (twice) (D:3)
  5 adders
  An ooze (D:1)
  A worm (D:3)
  3 leopard geckos
  5 orcs (D:3)
  2 ball pythons
  A bat zombie (D:1)
  3 giant cockroaches
  6 goblins
  7 hobgoblins
  4 jackals (D:1)
  A quokka (D:3)
  6 bats
  5 frilled lizards
  A jackal zombie (D:1)
  5 kobolds
  3 rats
65 creatures vanquished.

Notes
Turn   | Place    | Note
-------+----------+-------------------------------------------
     0 | D:1      | zero the Gargoyle Berserker began the quest for the Orb.
     0 | D:1      | Reached XP level 1. HP: 14/14 MP: 1/1
   156 | D:1      | Reached skill level 3 in Axes
   164 | D:1      | Reached XP level 2. HP: 9/19 MP: 2/2
   789 | D:1      | Reached XP level 3. HP: 23/23 MP: 3/3
   976 | D:1      | Reached ** piety under Trog
  1267 | D:2      | Reached skill level 4 in Axes
  1531 | D:2      | Reached XP level 4. HP: 23/28 MP: 4/4
  1735 | D:3      | Found a faded altar of an unknown god.
  1777 | D:3      | Noticed Natasha
  1783 | D:3      | Killed Natasha
  1958 | D:3      | Reached skill level 5 in Axes
  1968 | D:3      | Reached XP level 5. HP: 18/32 MP: 5/5
  2115 | D:3      | Noticed Natasha
  2123 | D:3      | Killed Natasha
  2302 | D:3      | Noticed Jessica
  2306 | D:3      | Killed Jessica
  2492 | D:3      | Reached skill level 6 in Axes
  2492 | D:3      | Reached XP level 6. HP: 23/37 MP: 6/6
  2849 | D:3      | Noticed Natasha
  2872 | D:3      | HP: 1/55 [Natasha (5)]
  2873 | D:3      | Demolished by an ogre

Levels and vault maps discovered:
D:1:      saegor_arrival_fortress, layout_basic, nrook_mini_vaults, hex_tiny
D:2:      layout_loops_ring
D:3:      minmay_inner_zag, layout_basic, chequers_ecumenical_altar_simple,
          nicolae_qazlal_style_of_elements, uniq_natasha, uniq_jessica

Skill      XL: |  1  2  3  4  5 |
---------------+----------------+-----
Axes           | 3 4 5 6 |  6.3
Fighting       | |  3.2
Armour         | |  2.1
Dodging        | |  1.5

Action                   |  1- 3 |  4- 6 || total
-------------------------+-------+-------++-------
Melee: Hand axe          |   136 |   146 ||   282
Invok: Berserk           |     1 |     2 ||     3
  Eat: Chunk             |     3 |     5 ||     8
Armor: Animal skin       |    29 |       ||    29
       Ring mail         |    38 |    64 ||   102
Dodge: Dodged            |   109 |    81 ||   190

Table legend:
 A = Non-vault XP
 B = Vault XP
 C = Vault XP percentage of total XP
 D = Non-vault monster count
 E = Vault monster count
 F = Vault count percentage of total count
                 A         B        C        D         E       F
            +---------+---------+-------+---------+---------+-------
      Total |     327 |      86 |  20.8 |      56 |       9 |  13.8
            +---------+---------+-------+---------+---------+-------
        D:1 |      43 |       3 |   6.5 |      21 |       2 |   8.7
        D:2 |      44 |       0 |   0.0 |      12 |       0 |   0.0
        D:3 |     240 |      83 |  25.7 |      23 |       7 |  23.3
            +---------+---------+-------+---------+---------+-------
